cohdb
Replays
Latest Replays
All Replays
Popular Replays
Top Player Replays
Match Explorer
How It Works
Community
CoH3 Stats
Reddit
Sign in to upload your games and track your stats! →
Sign in with Steam
Match 44275068
Unlisted
Match 44275068
Overview
Messages
Build Orders
End
Engineer Squad
Selects Armored Battlegroup
Selects Assault Engineers
Construct Weapon Support Center
M1919 Machine Gun Team
Scout Squad
M1919 Machine Gun Team
Air Support Center
Selects Fast Deploy
M3 Armored Personnel Carrier
Sniper
P-47 Strafing Run
M1919 Machine Gun Team
Gwangju's Hero Chun Doo-gwang
-AL- Nimahfrosch
1136234805
MonikaのPants
0
0
Comments
sign in to comment!
No comments posted yet!